 Dungeon Crawl Stone Soup version 0.28-a0-863-g8cecda6153 (webtiles) character file.

Game seed: 16143945495201643691

65 Octon the Digger (level 3, -1/24 HPs)
             Began as a Demonspawn Earth Elementalist on Nov 17, 2021.
             Slain by Blork the orc (11 damage)
             ... on level 4 of the Dungeon.
             The game lasted 00:20:32 (2448 turns).

Octon the Digger (Demonspawn Earth Elementalist)    Turns: 2448, Time: 00:20:33

Health: -1/24      AC:  2    Str:  8    XL:     3   Next: 94%
Magic:  0/6        EV: 12    Int: 17    God:
Gold:   144        SH:  0    Dex: 13    Spells: 5/6 levels left

rFire   . . .      SeeInvis .   e - +0 dagger
rCold   . . .      Faith    .   (no shield)
rNeg    . . .      Spirit   .   b - +0 robe
rPois   .          Reflect  .   (no helmet)
rElec   .          Harm     .   (no cloak)
rCorr   .          Rampage  .   (no gloves)
Will    .....                   (no boots)
Stlth   ++........              (no amulet)
HPRegen 0.08/turn               (no ring)
MPRegen 0.10/turn               (no ring)

@: no status effects
A: demonic magic 1
a: no special abilities


You were on level 4 of the Dungeon.
You visited 1 branch of the dungeon, and saw 4 of its levels.

You collected 144 gold pieces.

Inventory:

Hand Weapons
 e - a +0 dagger (weapon)
Missiles
 a - 2 javelins (quivered)
 c - 37 stones
Armour
 b - a +0 robe (worn)
Jewellery
 h - a ring of flight
Scrolls
 d - 3 scrolls of identify {unknown}
 g - 2 scrolls of amnesia {unknown}
 k - a scroll of brand weapon {unknown}
 m - 2 scrolls of magic mapping {unknown}
 o - a scroll of teleportation {unknown}
Potions
 f - 2 potions of flight {unknown}
 i - a potion of invisibility {unknown}
 j - a potion of attraction {unknown}
 l - a potion of magic {unknown}
 n - a potion of heal wounds {unknown}
 p - a potion of might {unknown}


   Skills:
 + Level 0.2 Fighting
 + Level 0.4 Short Blades
 + Level 0.8 Throwing
 + Level 2.1 Dodging
 + Level 2.3 Stealth
 + Level 2.2 Spellcasting
 + Level 0.8 Transmutations
 + Level 3.4 Earth Magic


You had 5 spell levels left.
You knew the following spells:

 Your Spells              Type           Power      Damage    Failure   Level
a - Sandblast             Erth           26%        2d8       4%          1

Your spell library contained the following spells:

 Spells                   Type           Power      Damage    Failure   Level
 Passwall                 Tmut/Erth      7%         N/A       12%         2
 Ensorcelled Hibernation  Hex/Ice        2%         N/A       28%         2
 Stone Arrow              Conj/Erth      14%        3d7       28%         3
 Spider Form              Tmut/Pois      3%         N/A       43%         3
 Petrify                  Tmut/Erth      9%         N/A       61%         4


Dungeon Overview and Level Annotations

Branches:
Dungeon (4/15)
 Temple: D:4-7

Altars:
Dithmenos
Fedhas
Sif Muna
The Shining One

Shops:
D:1 (?   D:2 *

Annotations:
D:4 Blork the orc


Innate Abilities, Weirdness & Mutations

Spells you cast may paralyse adjacent enemies.


Message History

Aiming: Sandblast (safe; 4% risk of failure)
Press: ? - help, Shift-Dir - straight line, f/p - Blork the orc
Aim: Blork the orc, wielding a +0 battleaxe and wearing a +0 robe of fire resistance (moderately wounded, paralysed, 100% to hit)
The blast of sand hits Blork the orc.
Blork the orc is heavily wounded.
c - 40 stones Malevolent energies surge around you.
Casting: Sandblast (safe; 4% risk of failure)
Confirm with . or Enter, or press ? or * to list all spells.
Aiming: Sandblast (safe; 4% risk of failure)
Press: ? - help, Shift-Dir - straight line, f/p - Blork the orc
Aim: Blork the orc, wielding a +0 battleaxe and wearing a +0 robe of fire resistance (heavily wounded, paralysed, 100% to hit)
The blast of sand hits Blork the orc.
Blork the orc is heavily wounded.
c - 39 stones Malevolent energies surge around you.
Casting: Sandblast (safe; 4% risk of failure)
Confirm with . or Enter, or press ? or * to list all spells.
You don't know that spell.
Casting: Sandblast (safe; 4% risk of failure)
Confirm with . or Enter, or press ? or * to list all spells.
Aiming: Sandblast (safe; 4% risk of failure)
Press: ? - help, Shift-Dir - straight line, f/p - Blork the orc
Aim: Blork the orc, wielding a +0 battleaxe and wearing a +0 robe of fire resistance (heavily wounded, paralysed, 100% to hit)
The blast of sand hits Blork the orc!
Blork the orc is almost dead.
c - 38 stones Malevolent energies surge around you.
Blork the orc is no longer paralysed.
Blork the orc hits you with a +0 battleaxe!
Casting: Sandblast (safe; 4% risk of failure)
Confirm with . or Enter, or press ? or * to list all spells.
Aiming: Sandblast (safe; 4% risk of failure)
Press: ? - help, Shift-Dir - straight line, f/p - Blork the orc
Aim: Blork the orc, wielding a +0 battleaxe and wearing a +0 robe of fire resistance (almost dead, 82% to hit)
The blast of sand hits Blork the orc.
Blork the orc is almost dead.
c - 37 stones Malevolent energies surge around you.
Blork the orc hits you with a +0 battleaxe!
You die...

..###.#.#..# ..#.# . ..#
#.#.#..###.#.#.# ..
..###.#.#....#.#.#.#...$
......#.#+._........._.#
.######......#.#.#.#...#
...........###.#.# # #
..######...# ..#.# ..#
#...#.###.###.#.. ..#
#.......o@......# ..#
#.........#....## ..#
#........$#...... ..#
########### ..##. ..#
### ..# #.# #.# #.#


You could see Blork the orc.

Vanquished Creatures
  2 adders (D:2)
  An adder skeleton (D:4)
  A worm (D:2)
  5 endoplasms
  A giant cockroach (D:1)
  4 goblins
  4 hobgoblins
  5 kobolds
  2 quokkas
  7 ball pythons
  4 bats (D:1)
  2 frilled lizards (D:1)
  4 rats
42 creatures vanquished.

Notes
Turn   | Place    | Note
-------+----------+-------------------------------------------
     0 | D:1      | Octon the Demonspawn Earth Elementalist began the quest for
                  | the Orb.
     0 | D:1      | Reached XP level 1. HP: 13/13 MP: 3/3
   199 | D:1      | Reached skill level 3 in Earth Magic
   235 | D:1      | Gained mutation: Spells you cast may paralyse adjacent
                  | enemies. [demonic ancestry]
   235 | D:1      | Reached XP level 2. HP: 12/19 MP: 1/5
   340 | D:1      | Found Hauwuu's Magic Scroll Shop.
   745 | D:1      | Found Rinysoj's Antique Weapon Shop.
   807 | D:1      | Found a faded altar of an unknown god.
  1186 | D:2      | Found Moucviwk's General Store.
  1256 | D:2      | Reached XP level 3. HP: 24/24 MP: 4/6
  2128 | D:3      | Found a blossoming altar of Fedhas.
  2409 | D:4      | Found a shimmering blue altar of Sif Muna.
  2435 | D:4      | Found a shadowy altar of Dithmenos.
  2441 | D:4      | Noticed Blork the orc
  2448 | D:4      | Slain by Blork the orc

Illustrated notes

Levels and vault maps discovered:
D:1:      dpeg_arrival_three_same_balls, layout_basic, serial_shops, shop,
          shop_fountains, shop_coins, shapermc_ecumenical_altar_mp_vishouse,
          minmay_misc_feat_four_crosses, st_stairs_10
D:2:      layout_rooms, basic_altar, serial_shops, shop
D:3:      layout_loops_cross, overflow_temple_1_default,
          mainiacjoe_overflow_six_doors_small
D:4:      layout_basic, mainiacjoe_overflow_large_starburst, uniq_blork_the_orc,
          uniq_duvessa

Skill      XL: |  1  2 |
---------------+-------+-----
Earth Magic    | 3 |  3.4
Dodging        | 2 |  2.1
Stealth        | 2 |  2.3
Fighting       | |  0.2
Short Blades   | |  0.4
Throwing       | |  0.8
Spellcasting   | |  2.2
Transmutations | |  0.8

Action                   || total
-------------------------++-------
Melee: Unarmed           ||     7
       Dagger            ||    47
Throw: Javelin           ||    35
       Stone             ||     3
 Cast: Sandblast         ||    30
 Stab: Paralysed         ||     4
Armor: Robe              ||    17
Dodge: Dodged            ||    56

Table legend: (Time is in decaauts)
 A = Elapsed time spent in this place.
 B = Non-inter-level travel time spent in this place.
 C = Inter-level travel time spent in this place.
 D = Time resting spent in this place.
 E = Time spent auto-exploring this place.
 F = Levels seen in this place.
 G = Mean time per level.
                   A        B        C        D        E       F      G
               +--------+--------+--------+--------+--------+-----+--------+
         Total |   2463 |   1064 |   1399 |    573 |    107 |   4 |  615.8 |
       Dungeon |   2463 |   1064 |   1399 |    573 |    107 |   4 |  615.8 |
               +--------+--------+--------+--------+--------+-----+--------+

Top non-repeatable levels by time:
     D:1: 1081 daAuts
     D:2: 1032 daAuts
     D:3: 279 daAuts
     D:4: 70 daAuts
